[Event "Titled Tuesday Blitz April 11 Early 2023"]
[White "Warchol, Kamil"]
[Black "Gracia Alvarez, Gerardo Antonio"]
[WhiteFideId "21858241"]
[BlackFideId "5109124"]
[WhiteElo "2017"]
[BlackElo "2160"]
[Result "0-1"]
[Round "07"]
[TimeControl "180+2"]
[Date "2023.04.11"]
[WhiteClock "0:00:01"]
[BlackClock "0:00:12"]

1. e4 c5 2. Nf3 Nc6 3. Bb5 d6 4. c3 Nf6 5. Qe2 e5 6. d4 cxd4 7. cxd4 Bd7 8. Bxc6 Bxc6 9. Nc3 exd4 10. Nxd4 Be7 11. O-O O-O 12. Rd1 Re8 13. Bf4 Bf8 14. f3 d5 15. Kh1 Qb6 16. Nxc6 bxc6 17. Be3 Qb8 18. Qc2 Bd6 19. Bg1 dxe4 20. Nxe4 Nxe4 21. fxe4 Be5 22. Rab1 Re6 23. b3 Rh6 24. h3 Qc8 25. Rbc1 Qe6 26. Qd3 Re8 27. Qf3 Rf6 28. Qe2 Bb8 29. Rc4 h5 30. Qxh5 Rh6 31. Qf3 Qe5 32. Qc3 Qe6 33. Qf3 Rg6 34. Qf5 Kh7 35. Qxe6 Rexe6 36. Rd7 Ref6 37. Rb7 Be5 38. Rxa7 Rf1 39. Ra6 Bg3 0-1


[Site "https://www.chess.com"]

[Event "Titled Tuesday Blitz April 11 Early 2023"]
[White "Sohier, Julien"]
[Black "Tarasova, Viktoriya"]
[WhiteFideId "645346"]
[BlackFideId "4175840"]
[WhiteElo "2209"]
[BlackElo "2182"]
[Result "1/2-1/2"]
[Round "07"]
[TimeControl "180+2"]
[Date "2023.04.11"]
[WhiteClock "0:00:17"]
[BlackClock "0:00:06"]

1. e4 e5 2. Nf3 Nc6 3. Bb5 Nf6 4. d3 Bc5 5. O-O Nd4 6. Nxd4 Bxd4 7. c3 Bb6 8. Re1 c6 9. Ba4 h6 10. d4 d6 11. Na3 O-O 12. Nc4 Bc7 13. Bc2 b5 14. Ne3 Re8 15. a4 Bd7 16. axb5 cxb5 17. Qf3 a5 18. Nf5 Bxf5 19. Qxf5 Nh7 20. Bd3 Rb8 21. b3 Qf6 22. Qxf6 Nxf6 23. f3 Bb6 24. Bxb5 Rec8 25. Bd2 exd4 26. c4 Ra8 27. Kf1 Kf8 28. Ke2 Ke7 29. Kd3 Nd7 30. Bxd7 Kxd7 31. Ra4 Rab8 32. Rb1 Rc5 33. Be1 Rg5 34. g4 h5 35. h4 Rc5 36. g5 f6 37. g6 f5 38. Bf2 fxe4+ 39. fxe4 Re5 40. Bxd4 Bxd4 41. Kxd4 Re6 42. Rxa5 Rxg6 43. Rg5 Rxg5 44. hxg5 h4 45. Rh1 Rxb3 46. Rxh4 Rb1 47. Rh7 Rd1+ 48. Kc3 Rc1+ 49. Kd3 Rd1+ 50. Kc2 Re1 51. Rxg7+ Ke6 52. Kd3 Rd1+ 53. Ke3 Rc1 54. Rg6+ Kd7 55. Rf6 Rxc4 56. g6 Rc1 57. Kf4 Rg1 58. Kf5 Ke7 59. Rf7+ Ke8 60. Ke6 Rxg6+ 61. Rf6 Rxf6+ 62. Kxf6 Kd7 63. Kf7 Kd8 64. Ke6 Kc7 65. Ke7 Kc6 66. Ke6 Kc7 67. Kd5 Kd7 68. e5 dxe5 69. Kxe5 1/2-1/2


[Site "https://www.chess.com"]

[Event "Titled Tuesday Blitz April 11 Early 2023"]
[White "Kabilov, Amin"]
[Black "Kiseleva, Arina"]
[WhiteFideId "14700859"]
[BlackFideId "4164989"]
[WhiteElo "2110"]
[BlackElo "1708"]
[Result "1-0"]
[Round "07"]
[TimeControl "180+2"]
[Date "2023.04.11"]
[WhiteClock "0:00:07"]
[BlackClock "0:00:16"]

1. d4 Nf6 2. c4 e6 3. Nc3 Bb4 4. e3 O-O 5. Bd3 Re8 6. Ne2 d5 7. O-O a6 8. a3 Bf8 9. b4 dxc4 10. Bxc4 b5 11. Bd3 Bb7 12. e4 Nc6 13. e5 Nd5 14. Ne4 Nb6 15. Ng5 g6 16. Ne4 Bg7 17. Bg5 Qd5 18. Nc5 Nxe5 19. Be4 Nf3+ 20. Bxf3 Qxg5 21. Bxb7 Rad8 22. Bc6 Re7 23. Qc1 Qxc1 24. Raxc1 Bxd4 25. Nxd4 Rxd4 26. Nxa6 Nc4 27. Bxb5 Nxa3 28. Be2 Rd6 29. b5 Rd2 30. Rfe1 Red7 31. Bf1 Nc2 32. Re4 f5 33. Rc4 Na3 34. Rxc7 Rd1 35. Rxd7 Rxc1 36. g3 Nxb5 37. Kg2 Nc3 38. Bc4 Re1 39. Nc7 Re4 40. Bxe6+ Kh8 41. Bb3 h5 42. Ne6 Ne2 43. Nf8 Rg4 44. Rh7# 1-0


[Site "https://www.chess.com"]

[Event "Titled Tuesday Blitz April 11 Early 2023"]
[White "Ruge, Edison"]
[Black "Krzywda, Andrzej"]
[WhiteFideId "4401000"]
[BlackFideId "1114565"]
[WhiteElo "2175"]
[BlackElo "2155"]
[Result "1-0"]
[Round "07"]
[TimeControl "180+2"]
[Date "2023.04.11"]
[WhiteClock "0:00:26"]
[BlackClock "0:00:01"]

1. e4 e5 2. Nf3 Nf6 3. d3 Nc6 4. g3 Bc5 5. Bg2 d5 6. Qe2 Bg4 7. c3 dxe4 8. dxe4 a5 9. O-O h6 10. Rd1 Qe7 11. h3 Be6 12. Nbd2 Rd8 13. Nh4 O-O 14. Nf1 Bc4 15. Qxc4 Rxd1 16. Nf5 Bxf2+ 17. Kxf2 Qd8 18. N1e3 Rxc1 19. Rxc1 Qd2+ 20. Qe2 Qxc1 21. g4 Rd8 22. Nd5 Nxd5 23. exd5 Qf4+ 24. Kg1 Nb8 25. Qb5 Nd7 26. Qxb7 Nf6 27. Qxc7 Re8 28. Nd6 Rf8 29. Nc4 Ne4 30. Qxe5 Qf2+ 31. Kh2 Ng5 32. Qg3 Qe2 33. b3 Re8 34. d6 Qxa2 35. d7 Rf8 36. Qd6 Ne6 37. Ne5 Qxb3 38. Nc6 Qb6 39. Ne7+ Kh7 40. Qxb6 1-0


[Site "https://www.chess.com"]

[Event "Titled Tuesday Blitz April 11 Early 2023"]
[White "Dylag, Emilia"]
[Black "Rottenwohrer Suarez, Juan"]
[WhiteFideId "21805172"]
[BlackFideId "32068182"]
[WhiteElo "1878"]
[BlackElo "2174"]
[Result "0-1"]
[Round "07"]
[TimeControl "180+2"]
[Date "2023.04.11"]
[WhiteClock "0:00:04"]
[BlackClock "0:00:24"]

1. d4 Nf6 2. c4 g6 3. g3 Bg7 4. Bg2 O-O 5. Nf3 b6 6. O-O Bb7 7. Nc3 Ne4 8. Bf4 Nxc3 9. bxc3 c5 10. a4 Nc6 11. Ne5 Na5 12. Bxb7 Nxb7 13. dxc5 Nxc5 14. Qd5 d6 15. Nc6 Qd7 16. Nxe7+ Qxe7 17. Bxd6 Qxe2 18. Bxf8 Rxf8 19. Rfe1 Qc2 20. a5 Nb3 21. Rad1 Bxc3 22. Re7 bxa5 23. c5 Nxc5 24. Rc7 Bb4 25. Qd6 Ne4 26. Qd3 Qxc7 27. Qxe4 Rc8 28. Rb1 Qc2 29. Qxc2 Rxc2 30. Rd1 Bc5 31. Rd8+ Kg7 32. Kf1 Rxf2+ 33. Ke1 Rxh2 34. Rd5 Bb6 35. Rb5 a4 36. Kf1 a3 37. Rb3 a2 38. Ra3 a1=Q+ 39. Rxa1 Rh1+ 40. Kg2 Rxa1 41. Kh3 h5 0-1


[Site "https://www.chess.com"]

[Event "Titled Tuesday Blitz April 11 Early 2023"]
[White "Vargas Rodriguez, Wilver"]
[Black "Gheorghiu, Calin"]
[WhiteFideId "3509672"]
[BlackFideId "1200305"]
[WhiteElo "2224"]
[BlackElo "2223"]
[Result "0-1"]
[Round "07"]
[TimeControl "180+2"]
[Date "2023.04.11"]
[WhiteClock "0:00:05"]
[BlackClock "0:00:09"]

1. e4 c5 2. Nf3 d6 3. d4 cxd4 4. Nxd4 Nf6 5. Nc3 a6 6. Bc4 e6 7. Bb3 Nc6 8. Bg5 Be7 9. O-O Qc7 10. Re1 O-O 11. Nf3 b5 12. a3 Bb7 13. Qd2 Na5 14. Rad1 Nxb3 15. cxb3 Rad8 16. Bf4 Ng4 17. h3 Ne5 18. Qe3 Nxf3+ 19. Qxf3 Bf6 20. Qg3 Be5 21. Bxe5 dxe5 22. Qe3 Bc6 23. Qe2 Rd4 24. f3 Rfd8 25. Kh2 Qd6 26. Qc2 Bb7 27. Qe2 b4 28. axb4 Qxb4 29. Rxd4 exd4 30. Na4 d3 31. Qd1 Bc6 32. Re3 d2 33. Re2 Bb5 34. Re3 Qd6+ 35. g3 Qd4 36. Rc3 Qf2+ 37. Kh1 Bf1 38. Qxd2 Qxd2 39. Rc2 Qxc2 0-1


[Site "https://www.chess.com"]

[Event "Titled Tuesday Blitz April 11 Early 2023"]
[White "Okike, David"]
[Black "Sailer, Mike"]
[WhiteFideId "8500134"]
[BlackFideId "2012901"]
[WhiteElo "2232"]
[BlackElo "2109"]
[Result "0-1"]
[Round "07"]
[TimeControl "180+2"]
[Date "2023.04.11"]
[WhiteClock "0:01:19"]
[BlackClock "0:00:04"]

1. e4 d5 2. exd5 Qxd5 3. Nc3 Qd6 4. d4 Nf6 5. Nge2 c6 6. a3 Bf5 7. Bf4 Qd8 8. Qd2 e6 9. f3 Bd6 10. g4 Bg6 11. Bxd6 Qxd6 12. Nf4 Nbd7 13. h4 Nd5 14. Ncxd5 cxd5 15. h5 Bxc2 16. Bb5 Bb3 17. h6 g6 18. Ne2 O-O 19. Qc3 Bc4 20. Bxc4 Rac8 21. b3 b5 22. Qb4 Qxb4+ 23. axb4 bxc4 24. Rxa7 Nb8 25. bxc4 Rxc4 26. Rb7 Nc6 27. b5 Nxd4 28. Rf1 Nxe2 29. Kxe2 Rb4 30. Rc1 Rb2+ 31. Ke3 Rb3+ 32. Kf2 e5 33. Rc5 Rd3 34. Ke2 e4 35. fxe4 dxe4 36. Re5 Rh3 37. g5 Rh4 38. Ke3 Rg4 39. b6 Ra8 40. Ree7 Ra3+ 41. Kd4 e3+ 42. Kc5 Ra5+ 43. Kd6 Rd4+ 44. Kc7 Rc5+ 45. Kb8 Rd8+ 46. Ka7 Ra5# 0-1


[Site "https://www.chess.com"]

[Event "Titled Tuesday Blitz April 11 Early 2023"]
[White "MANOJ_MISHRA123"]
[Black "Inepton_Fermion"]
[WhiteElo "2115"]
[BlackElo "2384"]
[Result "0-1"]
[Round "07"]
[TimeControl "180+2"]
[Date "2023.04.11"]
[WhiteClock "0:00:01"]
[BlackClock "0:00:05"]

1. d4 g6 2. h4 Nf6 3. Nc3 d5 4. Bg5 Bg7 5. e3 c5 6. Be2 Nc6 7. h5 gxh5 8. Bxh5 Bf5 9. Be2 cxd4 10. exd4 Qb6 11. Na4 Qxd4 12. Qxd4 Nxd4 13. O-O-O Nxc2 14. Bb5+ Kf8 15. Bd3 Bxd3 16. Rxd3 Rc8 17. Kb1 Nb4 18. Rb3 Rc4 19. Nf3 Ne4 20. Be3 b6 21. Nc3 Nxc3+ 22. bxc3 Nc6 23. Ra3 Rxc3 24. Rxc3 Bxc3 25. Rc1 d4 26. Bxd4 Bxd4 27. Rxc6 Bxf2 28. Rc8+ Kg7 29. Rc7 Bc5 30. Rxa7 Rd8 31. Rc7 Kf6 32. Kb2 e5 33. Rc6+ Kf5 34. g4+ Kf4 35. Rf6+ Kxg4 36. Nxe5+ Kg5 37. Rxf7 Bd4+ 38. Kb3 Bxe5 39. Rxh7 Bd4 40. Re7 Kf6 41. Rb7 Bc5 42. a4 Rd4 43. Rc7 Rb4+ 44. Ka3 Rc4+ 45. Kb3 Rb4+ 46. Ka3 Ke5 47. Rh7 Kd5 48. Rh5+ Kc6 49. Rh6+ Kb7 50. Rh7+ Ka6 51. Ka2 Rxa4+ 52. Kb3 Rg4 53. Kc3 Kb5 0-1


[Site "https://www.chess.com"]

[Event "Titled Tuesday Blitz April 11 Early 2023"]
[White "Aung Thant Zin"]
[Black "Valle Maytin, Luis Enrique"]
[WhiteFideId "13000063"]
[BlackFideId "3503666"]
[WhiteElo "2278"]
[BlackElo "2225"]
[Result "0-1"]
[Round "07"]
[TimeControl "180+2"]
[Date "2023.04.11"]
[WhiteClock "0:00:01"]
[BlackClock "0:00:26"]

1. e4 c5 2. Nf3 Nc6 3. Bb5 g6 4. O-O Bg7 5. c3 e5 6. d4 cxd4 7. cxd4 Nxd4 8. Nxd4 exd4 9. e5 Qb6 10. Na3 Ne7 11. Nc4 Qc5 12. Nd6+ Kf8 13. Bc4 Bxe5 14. Nxf7 Qxc4 15. Nxe5 Qd5 16. Bh6+ Ke8 17. Re1 b6 18. Bg5 Rg8 19. f4 Bb7 20. Qd2 Nf5 21. Nf3+ Kf7 22. g4 Ne3 23. Qxd4 Qxd4 24. Nxd4 Nd5 25. Re5 Rge8 26. Rae1 d6 27. Rxe8 Rxe8 28. Rxe8 Kxe8 29. f5 Kf7 0-1


[Site "https://www.chess.com"]

[Event "Titled Tuesday Blitz April 11 Early 2023"]
[White "Semenova, Alina"]
[Black "Vivas Zamora, Fabian Ernesto"]
[WhiteFideId "24113875"]
[BlackFideId "3902480"]
[WhiteElo "1833"]
[BlackElo "2262"]
[Result "0-1"]
[Round "07"]
[TimeControl "180+2"]
[Date "2023.04.11"]
[WhiteClock "0:00:02"]
[BlackClock "0:00:53"]

1. e4 c5 2. Nf3 d6 3. d4 cxd4 4. Nxd4 Nf6 5. Nc3 g6 6. f3 Bg7 7. Be3 O-O 8. Qd2 Nc6 9. O-O-O d5 10. exd5 Nxd5 11. Nxc6 bxc6 12. Nxd5 cxd5 13. Qxd5 Qc7 14. Qxa8 Bf5 15. Qxf8+ Kxf8 16. Bd3 Qe5 17. Kd2 Bxd3 18. Kxd3 Qxb2 19. Bxa7 Qxa2 20. Be3 f5 21. g3 Qd5+ 22. Ke2 Qc4+ 23. Rd3 Qxc2+ 24. Rd2 Qc4+ 25. Kf2 h5 26. Rhd1 h4 27. Rd8+ Kf7 28. R8d2 h3 29. Bd4 Bh6 30. Be3 f4 31. gxf4 Bxf4 32. Bxf4 Qxf4 33. Ke2 Qxh2+ 34. Ke3 Qe5+ 35. Kd3 Qg3 36. Re2 Qxf3+ 37. Kd2 h2 38. Rde1 h1=Q 39. Rxe7+ Kf6 40. R1e6+ Kg5 41. Re5+ Kh6 42. Re8 Qhd1# 0-1


[Site "https://www.chess.com"]

[Event "Titled Tuesday Blitz April 11 Early 2023"]
[White "Yurasova, Daria"]
[Black "Kornyukov, Alexey"]
[WhiteFideId "34146919"]
[BlackFideId "4150457"]
[WhiteElo "2134"]
[BlackElo "2352"]
[Result "1-0"]
[Round "07"]
[TimeControl "180+2"]
[Date "2023.04.11"]
[WhiteClock "0:01:21"]
[BlackClock "0:00:45"]

1. d4 d5 2. Nf3 Nf6 3. Bf4 c5 4. e3 Nc6 5. c3 Qb6 6. Qb3 c4 7. Qxb6 axb6 8. Nbd2 b5 9. Be2 Bf5 10. O-O e6 11. Nh4 Bg6 12. Nxg6 hxg6 13. h3 Be7 14. Bf3 Nd7 15. e4 Nf6 16. Rfe1 O-O 17. Bg5 Rfe8 18. Bxf6 Bxf6 19. exd5 exd5 20. Rxe8+ Rxe8 21. Bxd5 Re2 22. Rd1 Bg5 23. Ne4 Bh6 24. Nd6 Rxb2 25. Nxf7 Kh7 26. Nd6 Rxa2 27. Nxb5 Na5 28. Nd6 Rc2 29. Nxc4 Nxc4 30. Bxc4 Rxc3 31. Be6 b5 32. d5 Bg5 33. d6 b4 34. d7 Bd8 35. Rd4 b3 36. Rb4 Bc7 37. Rh4# 1-0


[Site "https://www.chess.com"]

[Event "Titled Tuesday Blitz April 11 Early 2023"]
[White "Namitbir Singh Walia"]
[Black "Zampronha, Wladimir Camilo"]
[WhiteFideId "35071068"]
[BlackFideId "2103087"]
[WhiteElo "2239"]
[BlackElo "2176"]
[Result "1-0"]
[Round "07"]
[TimeControl "180+2"]
[Date "2023.04.11"]
[WhiteClock "0:00:03"]
[BlackClock "0:00:01"]

1. e4 c5 2. Nf3 e6 3. d4 cxd4 4. Nxd4 Nc6 5. Nb5 d6 6. c4 Nf6 7. N1c3 a6 8. Na3 Be7 9. Be2 O-O 10. Be3 Nb8 11. O-O Nbd7 12. Rc1 Qc7 13. Qd2 b6 14. Rfd1 Bb7 15. f3 Rac8 16. Bf1 Rfe8 17. g4 h6 18. h4 Nh7 19. g5 hxg5 20. hxg5 Ne5 21. Qg2 Nxg5 22. Be2 Nh7 23. Qf2 Nd7 24. Kg2 f5 25. Rh1 fxe4 26. fxe4 Rf8 27. Qg3 Ndf6 28. Qh3 Qd7 29. Bg4 Kf7 30. Rcf1 Rh8 31. Nd5 Bxd5 32. cxd5 Ng5 33. Bh5+ g6 34. Bxg5 Rxh5 35. Qg3 Rxh1 36. Rxh1 exd5 37. Rf1 dxe4 38. Qh4 Qe6 39. Qh7+ Kf8 40. Qh8+ Kf7 41. Qh7+ Ke8 42. Qxg6+ Kd7 43. Rxf6 Qg4+ 44. Kf2 Bxf6 45. Qf7+ Kc6 46. Qxf6 e3+ 47. Bxe3 Re8 48. Qc3+ Kb7 49. Qd4 1-0


[Site "https://www.chess.com"]

[Event "Titled Tuesday Blitz April 11 Early 2023"]
[White "Mazurkiewicz, Michal"]
[Black "Albuquerque Junior,Wellington S."]
[WhiteFideId "1124943"]
[BlackFideId "2151480"]
[WhiteElo "2054"]
[BlackElo "2109"]
[Result "1-0"]
[Round "07"]
[TimeControl "180+2"]
[Date "2023.04.11"]
[WhiteClock "0:01:55"]
[BlackClock "0:00:04"]

1. e4 c5 2. Nf3 d6 3. g3 Nc6 4. Bg2 g6 5. O-O Bg7 6. d3 e5 7. Nc3 Nge7 8. Nd2 O-O 9. Nc4 Be6 10. Nd5 h6 11. a4 f5 12. f4 Bxd5 13. exd5 Nb4 14. fxe5 dxe5 15. d6 Nec6 16. c3 Na6 17. Qb3 Kh7 18. Qxb7 Na5 19. Qxa6 Nxc4 20. Bxa8 Nxd6 21. Bg2 Rf6 22. Qxa7 c4 23. dxc4 Nxc4 24. Qc5 Nd6 25. a5 Bf8 26. Qxe5 Nf7 27. Qb5 Qc8 28. Be3 Re6 29. Bf2 Re2 30. Qxe2 1-0


[Site "https://www.chess.com"]

[Event "Titled Tuesday Blitz April 11 Early 2023"]
[White "Gatterer, Florian"]
[Black "mjelcic"]
[WhiteFideId "811688"]
[WhiteElo "2221"]
[BlackElo "2245"]
[Result "0-1"]
[Round "07"]
[TimeControl "180+2"]
[Date "2023.04.11"]
[WhiteClock "0:02:15"]
[BlackClock "0:01:48"]

1. Nf3 d5 2. b3 f6 3. d4 Nd7 4. Bb2 c6 5. e3 Qc7 6. Nbd2 e5 7. dxe5 fxe5 8. e4 d4 9. a4 Ngf6 10. Bc4 Nb6 11. Bd3 Bg4 12. a5 Nbd7 13. h3 Bh5 14. g4 Bf7 15. Ng5 Bg8 16. Bc4 Bxc4 17. Nxc4 Bb4+ 18. Kf1 Ke7 19. Kg1 h6 20. Nf3 Nxe4 21. Qd2 Nxd2 0-1


[Site "https://www.chess.com"]

[Event "Titled Tuesday Blitz April 11 Early 2023"]
[White "KorolDimitriy75"]
[Black "Necula, Iulian"]
[BlackFideId "1232380"]
[WhiteElo "2354"]
[BlackElo "1790"]
[Result "1-0"]
[Round "07"]
[TimeControl "180+2"]
[Date "2023.04.11"]
[WhiteClock "0:00:14"]
[BlackClock "0:00:51"]

1. d4 d6 2. c4 f5 3. Nc3 Nf6 4. Nf3 g6 5. g3 Bg7 6. Bg2 O-O 7. O-O Qe8 8. d5 Na6 9. Nd4 Nc5 10. b3 e5 11. dxe6 Nxe6 12. Nxe6 Bxe6 13. Bxb7 Rb8 14. Bg2 Ne4 15. Nxe4 Bxa1 16. Ng5 Kg7 17. Be3 Bf6 18. Nxe6+ Qxe6 19. Bxa7 Rbe8 20. Be3 c5 21. Qd2 f4 22. Bxf4 Qxe2 23. Bh6+ Kh8 24. Qxe2 Rxe2 25. Bxf8 Rxa2 26. Bxd6 Bd4 27. b4 cxb4 28. Bxb4 Ra4 29. Rb1 Ra2 30. Be1 Rc2 31. Bd5 Kg7 32. h4 Kf6 33. Kg2 Ke5 34. Kf3 h6 35. Ba5 Rxf2+ 36. Kg4 Be3 37. Re1 h5+ 38. Kh3 Kd4 39. Rxe3 Kxe3 40. Bb6+ Ke2 41. Bxf2 Kxf2 42. Bf7 1-0


[Site "https://www.chess.com"]

[Event "Titled Tuesday Blitz April 11 Early 2023"]
[White "Jarocka, Liwia"]
[Black "Cramling Bellon, Anna"]
[WhiteFideId "21807558"]
[BlackFideId "32009232"]
[WhiteElo "2013"]
[BlackElo "1972"]
[Result "1-0"]
[Round "07"]
[TimeControl "180+2"]
[Date "2023.04.11"]
[WhiteClock "0:00:48"]
[BlackClock "0:00:01"]

1. e4 c5 2. Nf3 e6 3. c4 Nc6 4. Nc3 d6 5. d4 cxd4 6. Nxd4 Nf6 7. Be2 h6 8. O-O Be7 9. Be3 O-O 10. Rc1 a6 11. b3 Qc7 12. Qd2 Ne5 13. h3 Ned7 14. Rfd1 b6 15. f3 Bb7 16. a3 Rac8 17. b4 Rfd8 18. Nb3 Ne5 19. Na4 Nfd7 20. f4 Ng6 21. Bf3 Bc6 22. Nb2 Qb7 23. Qd3 Nf6 24. Nd2 d5 25. cxd5 exd5 26. e5 Ne4 27. Bxe4 dxe4 28. Qe2 Bb5 29. Qf2 Rxc1 30. Rxc1 Qd5 31. Ndc4 Bxc4 32. Nxc4 b5 33. Na5 Qd3 34. Nc6 Re8 35. Nxe7+ Nxe7 36. Bc5 Nf5 37. Re1 e3 38. Bxe3 Qxa3 39. Bc5 Qd3 40. Qe2 Qxe2 41. Rxe2 Ng3 42. Ra2 Re6 43. Bd6 Nf5 44. Rxa6 Nd4 45. Rb6 f6 46. exf6 gxf6 47. Rb8+ Kf7 48. Bc5 Nf5 49. Rxb5 Ne3 50. Bxe3 Rxe3 51. f5 Rb3 52. Kh2 Rb2 53. Rb7+ Ke8 54. h4 h5 55. Kh3 Kf8 56. g3 Rb3 57. b5 Ke8 58. b6 Rb5 59. Rh7 Kd8 60. Rb7 Rb4 61. Rh7 Rb5 62. b7 Rb6 63. Rxh5 Rxb7 64. Rh8+ Ke7 65. Rh7+ 1-0


[Site "https://www.chess.com"]

[Event "Titled Tuesday Blitz April 11 Early 2023"]
[White "sebastianmarinp"]
[Black "Moussard, Jules"]
[BlackFideId "642908"]
[WhiteElo "2277"]
[BlackElo "2610"]
[Result "0-1"]
[Round "07"]
[TimeControl "180+2"]
[Date "2023.04.11"]
[WhiteClock "0:01:12"]
[BlackClock "0:01:11"]

1. e4 c6 2. d4 d5 3. e5 Bf5 4. Nf3 e6 5. Be2 Ne7 6. O-O h6 7. a4 Nd7 8. a5 a6 9. c3 c5 10. Be3 Nc6 11. c4 dxc4 12. Na3 Nxa5 13. d5 exd5 14. Qxd5 Nb6 15. Qxd8+ Rxd8 16. Rad1 Be7 17. Rxd8+ Kxd8 18. Nd2 Be6 19. f4 g6 20. Ne4 Nb3 21. g4 Nd4 22. Bd1 Kc7 23. f5 gxf5 24. gxf5 Rg8+ 25. Kh1 Bd5 0-1


[Site "https://www.chess.com"]

[Event "Titled Tuesday Blitz April 11 Early 2023"]
[White "Lenaerts, Lennert"]
[Black "Jiganchine, Roman"]
[WhiteFideId "211435"]
[BlackFideId "2603667"]
[WhiteElo "2334"]
[BlackElo "2262"]
[Result "1/2-1/2"]
[Round "07"]
[TimeControl "180+2"]
[Date "2023.04.11"]
[WhiteClock "0:01:47"]
[BlackClock "0:00:08"]

1. d4 d5 2. c4 e6 3. Nc3 Nf6 4. cxd5 Nxd5 5. e4 Nxc3 6. bxc3 c5 7. Rb1 g6 8. Nf3 Bg7 9. h4 Nc6 10. Be3 Qa5 11. Qd2 cxd4 12. cxd4 Qxd2+ 13. Kxd2 O-O 14. Bb5 Rd8 15. Bxc6 bxc6 16. Rhc1 e5 17. Rxc6 exd4 18. Bg5 Re8 19. e5 Be6 20. Nxd4 Bxa2 21. Ra1 Bxe5 22. Rxa2 Bxd4 23. Be3 Rad8 24. Ke2 Re4 25. Kf3 Rxh4 26. Bxd4 Rhxd4 27. Rxa7 Rd3+ 28. Ke2 Rd2+ 29. Ke3 R8d3+ 30. Ke4 Rd4+ 31. Ke3 R4d3+ 32. Ke4 f5+ 33. Ke5 Rd7 34. Rxd7 Rxd7 35. Kf6 Rf7+ 36. Kg5 Kg7 37. f4 Re7 38. g4 fxg4 39. Kxg4 h6 40. Ra6 Rf7 41. Rb6 h5+ 42. Kg3 Kh6 43. Ra6 Kg7 44. Rb6 Rf6 45. Rb7+ Kh6 46. Rb8 Rc6 47. Rb3 Rc5 48. Ra3 Rc4 49. Rb3 Ra4 50. Rc3 Ra1 51. Rc6 Rg1+ 52. Kf2 Rg4 53. Kf3 Rg1 54. Kf2 Rd1 55. f5 Kg5 56. fxg6 Rd7 57. Kg3 Rg7 58. Rc5+ Kxg6 59. Kh4 Kf7 60. Rxh5 Kg6 61. Ra5 Rh7+ 62. Kg4 Rf7 63. Ra6+ Rf6 64. Ra8 Re6 65. Kf4 Rf6+ 66. Ke5 Rf5+ 67. Ke4 Rf6 68. Rg8+ Kf7 69. Rg1 Re6+ 70. Kd5 Rf6 71. Ra1 Kg6 72. Ke5 Rf5+ 73. Kd6 Rf6+ 74. Kd5 Rf5+ 75. Ke4 Rf6 76. Ra7 Rf7 77. Ra5 Re7+ 78. Kf4 Rf7+ 79. Kg4 Rf6 80. Rb5 Re6 81. Rg5+ Kf6 82. Rh5 Re4+ 83. Kf3 Re5 84. Rh8 Kg7 85. Ra8 Kf6 86. Ra6+ Re6 87. Ra4 Re5 88. Kg4 Re6 89. Rf4+ Kg6 90. Ra4 Rd6 91. Kf4 Rf6+ 92. Ke4 Re6+ 93. Kd5 Rf6 94. Rg4+ Kf5 95. Rg1 Kf4 96. Kd4 Kf5 97. Kd5 Kf4 98. Rf1+ Kg5 99. Rxf6 Kxf6 1/2-1/2


[Site "https://www.chess.com"]

[Event "Titled Tuesday Blitz April 11 Early 2023"]
[White "Kaplan, Avi Harrison"]
[Black "Clawitter, Craig"]
[WhiteFideId "30934559"]
[BlackFideId "2023105"]
[WhiteElo "1983"]
[BlackElo "2261"]
[Result "1-0"]
[Round "07"]
[TimeControl "180+2"]
[Date "2023.04.11"]
[WhiteClock "0:00:05"]
[BlackClock "0:00:03"]

1. d4 e6 2. g4 c5 3. h4 cxd4 4. Qxd4 Nc6 5. Qd1 d5 6. g5 Bc5 7. h5 e5 8. Nc3 Be6 9. Bh3 Nge7 10. Bxe6 fxe6 11. Na4 Bd6 12. Nh3 d4 13. c4 e4 14. Nf4 Qa5+ 15. Bd2 Qxg5 16. Nxe6 Qg2 17. Rf1 e3 18. Bxe3 Kd7 19. Nxd4 Nxd4 20. Bxd4 Nf5 21. Be5 Rae8 22. Bxd6 Nxd6 23. c5 Re6 24. cxd6 Rxd6 25. Qb3 Re8 26. Nc3 Ke7 27. Qb4 Rd8 28. Qe4+ Kf8 29. Qxg2 1-0


[Site "https://www.chess.com"]

[Event "Titled Tuesday Blitz April 11 Early 2023"]
[White "Zaichenko, Daria"]
[Black "Palencia Morales, Wilson Guillermo"]
[WhiteFideId "4197453"]
[BlackFideId "4401859"]
[WhiteElo "2039"]
[BlackElo "2139"]
[Result "1-0"]
[Round "07"]
[TimeControl "180+2"]
[Date "2023.04.11"]
[WhiteClock "0:01:09"]
[BlackClock "0:00:52"]

1. e4 c5 2. Nf3 Nc6 3. d4 cxd4 4. Nxd4 Nf6 5. Nc3 e5 6. Ndb5 d6 7. Bg5 Be7 8. Na3 a6 9. Bxf6 Bxf6 10. Nd5 b5 11. c3 O-O 12. Nc2 Bg5 13. h4 Bh6 14. g4 Bf4 15. Qf3 Bb7 16. Bd3 Re8 17. Nxf4 exf4 18. Qxf4 Ne5 19. O-O-O Nxd3+ 20. Rxd3 Bxe4 21. Rxd6 Qa5 22. Rd7 Qxa2 23. Re1 Bc6 24. Rxe8+ Rxe8 25. Rc7 Qd5 26. Nd4 Bd7 27. Kc2 h5 28. g5 a5 29. f3 b4 30. c4 Ba4+ 31. b3 Bxb3+ 32. Kxb3 a4+ 33. Kb2 Re2+ 34. Nxe2 a3+ 35. Ka2 b3+ 36. Kxa3 Qa5+ 37. Kxb3 Qb6+ 38. Kc2 Qg6+ 39. Kc3 1-0


[Site "https://www.chess.com"]

[Event "Titled Tuesday Blitz April 11 Early 2023"]
[White "lluiss"]
[Black "Golubev, Mikhail"]
[BlackFideId "14100983"]
[WhiteElo "2250"]
[BlackElo "2374"]
[Result "1-0"]
[Round "07"]
[TimeControl "180+2"]
[Date "2023.04.11"]
[WhiteClock "0:00:16"]
[BlackClock "0:00:01"]

1. c4 g6 2. d4 Bg7 3. e4 d6 4. Nc3 Nf6 5. Nf3 O-O 6. Be2 e5 7. O-O h6 8. h3 exd4 9. Nxd4 Re8 10. f3 Nc6 11. Be3 Nh5 12. Qd2 Nxd4 13. Bxd4 Nf4 14. Bxg7 Qg5 15. Qxf4 Qxf4 16. Bd4 c6 17. Rad1 Bxh3 18. gxh3 Qg3+ 19. Kh1 Qxh3+ 20. Kg1 c5 21. Bf2 Re5 22. f4 Rh5 23. Bxh5 gxh5 24. Nd5 h4 25. Nf6+ Kf8 26. Rxd6 Qf3 27. Nh7+ Kg7 28. Bd4+ 1-0


[Site "https://www.chess.com"]

[Event "Titled Tuesday Blitz April 11 Early 2023"]
[White "Nugumanov, Bakhtiyar"]
[Black "Alice, Mateus Felizardo Viageiro"]
[WhiteFideId "13701797"]
[BlackFideId "14800047"]
[WhiteElo "2209"]
[BlackElo "2189"]
[Result "0-1"]
[Round "07"]
[TimeControl "180+2"]
[Date "2023.04.11"]
[WhiteClock "0:00:03"]
[BlackClock "0:00:46"]

1. Nf3 Nf6 2. c4 e6 3. g3 b6 4. Bg2 Ba6 5. O-O Bxc4 6. d3 Ba6 7. Ne5 c6 8. Nc3 Be7 9. e4 O-O 10. Qc2 d5 11. Rd1 Bb7 12. d4 Nbd7 13. Bg5 Rc8 14. Rac1 h6 15. Bf4 Nh5 16. Be3 Nhf6 17. h3 Nxe5 18. dxe5 Nd7 19. f4 Bc5 20. Qf2 Qe7 21. Kh2 Bxe3 22. Qxe3 Nc5 23. exd5 cxd5 24. b4 Na6 25. a3 Rfd8 26. Nb5 Ba8 27. Nd6 Rxc1 28. Rxc1 Nc7 29. Qc3 Ne8 30. Nc8 Qb7 31. a4 Rd7 32. Nd6 Nxd6 33. exd6 Rxd6 34. Qc8+ Kh7 35. Qc2+ f5 36. g4 g6 37. Qc7+ Rd7 38. Qe5 Re7 39. b5 Qd7 40. g5 h5 41. Rc3 d4 42. Rd3 Bxg2 43. Rxd4 Qb7 44. Rd8 Rg7 45. Qf6 Bf1 0-1


[Site "https://www.chess.com"]

[Event "Titled Tuesday Blitz April 11 Early 2023"]
[White "Larina, Maria"]
[Black "Balint, Vilmos"]
[WhiteFideId "24113182"]
[BlackFideId "718050"]
[WhiteElo "1848"]
[BlackElo "2034"]
[Result "0-1"]
[Round "07"]
[TimeControl "180+2"]
[Date "2023.04.11"]
[WhiteClock "0:00:11"]
[BlackClock "0:00:33"]

1. e4 e6 2. d4 d5 3. Nc3 Bb4 4. exd5 exd5 5. Bd3 Bxc3+ 6. bxc3 Nf6 7. Ne2 O-O 8. O-O c6 9. Bg5 h6 10. Bh4 g5 11. Bg3 Bg4 12. f3 Bh5 13. c4 Bg6 14. c5 Nbd7 15. Bd6 Re8 16. Re1 Qa5 17. c3 Re6 18. Bxg6 fxg6 19. Qd3 Rae8 20. Qxg6+ Kh8 21. Qxh6+ Nh7 22. Qh5 Rxe2 23. Be5+ Nxe5 24. dxe5 Rxe1+ 25. Rxe1 Re7 26. Kf1 Qxc3 27. e6 Qc4+ 28. Kf2 Qxc5+ 29. Kf1 Qc4+ 30. Kf2 Qxa2+ 31. Re2 Qc4 32. Qg6 Qd4+ 33. Kf1 Qf6 34. Qd3 Rxe6 35. Rxe6 Qxe6 36. Qc3+ Kg8 37. Qa3 a6 38. Qb4 b5 39. Qc5 Nf6 40. Qd4 Kf7 41. Qd3 Qe5 42. Kf2 Qb2+ 43. Kg3 Qe5+ 44. Kf2 c5 45. g3 0-1


[Site "https://www.chess.com"]